 Dungeon Crawl Stone Soup version 0.28.0-62-gf88900778d (webtiles) character file.

Game seed: 5271434519149846044

7265 cbfl8 the Cleaver (level 10, -6/69 HPs)
             Began as a Demonspawn Fighter on Sept 3, 2023.
             Was a Believer of Hepliaklqana.
             Mangled by Snorg (10 damage)
             ... on level 10 of the Dungeon.
             The game lasted 00:09:59 (11154 turns).

cbfl8 the Cleaver (Demonspawn Fighter)             Turns: 11154, Time: 00:09:59

Health: -6/69      AC: 14    Str: 16    XL:     10   Next: 89%
Magic:  10/10      EV:  6    Int:  9    God:    Hepliaklqana [**....]
Gold:   599        SH:  7    Dex: 24    Spells: 9/9 levels left

rFire   + . .      SeeInvis .   b - +0 hand axe (venom)
rCold   + . .      Faith    .   c - +0 buckler
rNeg    . . .      Spirit   .   o - +0 chain mail
rPois   .          Reflect  .   (helmet restricted)
rElec   .          Harm     .   C - +0 cloak
rCorr   .          Rampage  .   D - +0 pair of gloves
Will    .....                   (no boots)
Stlth   ..........              u - amulet of regeneration
HPRegen 1.01/turn               l - +6 ring of dexterity
MPRegen 0.12/turn               H - ring of protection from fire

@: no status effects
A: reduced essence, horns 2, spiny 1, sharp scales 1, cold resistance 1
a: Renounce Religion, Recall Ancestor, Ancestor Identity


You were on level 10 of the Dungeon.
You worshipped Hepliaklqana.
Hepliaklqana was pleased with you.
You visited 2 branches of the dungeon, and saw 11 of its levels.

You collected 599 gold pieces.

Inventory:

Hand Weapons
 a - a +0 war axe
 b - a +0 hand axe of venom (weapon)
Armour
 c - a +0 buckler (worn)
 o - a +0 chain mail (worn)
 C - a +0 cloak (worn)
 D - a +0 pair of gloves (worn)
Jewellery
 l - a +6 ring of dexterity (left hand)
 u - an amulet of regeneration (around neck)
 H - a ring of protection from fire (right hand)
Wands
 h - a wand of flame (10)
 q - a wand of digging (8)
 y - a wand of polymorph (17)
 E - a wand of iceblast (17) (quivered)
 I - a wand of acid (9)
Scrolls
 e - 3 scrolls of enchant weapon {unknown}
 g - 2 scrolls of immolation {unknown}
 j - a scroll of magic mapping
 k - 6 scrolls of enchant armour {unknown}
 n - 2 scrolls of fear {unknown}
 r - a scroll of vulnerability {unknown}
 s - 2 scrolls of brand weapon {unknown}
 v - a scroll of noise {unknown}
 x - 3 scrolls of blinking {unknown}
 B - a scroll of teleportation
 F - a scroll of fog {unknown}
 G - a scroll of summoning {unknown}
Potions
 d - 3 potions of might
 f - 2 potions of haste {unknown}
 i - 3 potions of attraction
 m - 3 potions of mutation
 p - 2 potions of brilliance {unknown}
 t - a potion of ambrosia
 w - a potion of berserk rage {unknown}
 z - a potion of curing
 A - a potion of degeneration {unknown}


   Skills:
 + Level 6.4 Fighting
 + Level 9.5 Axes
 + Level 7.9 Armour
 + Level 5.4 Shields
 * Level 7.4 Evocations


You had 9 spell levels left.
You didn't know any spells.
Your spell library contained the following spells:

 Spells                   Type           Power      Damage    Failure   Level
 Freeze                   Ice            0%         1d3       100%        1
 Magic Dart               Conj           0%         1d3       100%        1
 Blink                    Tloc           0%         N/A       100%        2
 Searing Ray              Conj           0%         2d4       100%        2
 Frozen Ramparts          Ice            0%         1d2       100%        3
 Lesser Beckoning         Tloc           0%         N/A       100%        3
 Ozocubu's Armour         Ice            0%         N/A       100%        3
 Portal Projectile        Hex/Tloc       0%         N/A       100%        3
 Fulminant Prism          Conj/Hex       0%         3d6       100%        4
 Hailstorm                Conj/Ice       0%         3d3       100%        4
 Metabolic Englaciation   Hex/Ice        0%         N/A       100%        5
 Simulacrum               Ice/Necr       0%         N/A       100%        6
 Polar Vortex             Ice            0%         N/A       100%        9


Dungeon Overview and Level Annotations

Branches:
Dungeon (10/15)            Temple (1/1) D:4            Lair (0/6) D:9
    Orc: D:9-12

Altars:
Ashenzari
Cheibriados
Dithmenos
Elyvilon
Fedhas
Gozag
Hepliaklqana
Kikubaaqudgha
Makhleb
Nemelex Xobeh
Okawaru
Qazlal
Ru
Sif Muna
Trog
Uskayaw
Vehumet
Wu Jian
Xom
Yredelemnul
Zin
The Shining One

Shops:
D:3 [   D:7 (

Annotations:
D:10 Snorg


Innate Abilities, Weirdness & Mutations

Your life essence is reduced to manifest your ancestor. (-10% HP)
You have a pair of horns on your head.
You are partially covered in sharp spines.
You are partially covered in razor-sharp scales. (AC +1, Slay +1)
Your flesh is cold resistant. (rC+)


Message History

Snorg is nearby!
You hit Snorg.
Snorg is lightly wounded.
Snorg barely misses you. x2; Snorg claws you but does no damage.
Snorg is nearby!
You hit Snorg.
Snorg is poisoned.
You headbutt Snorg.
Snorg is lightly wounded.
Valentine barely misses Snorg.
Snorg goes berserk!
Unknown command.
You hit Snorg. You headbutt Snorg!
Snorg is moderately wounded.
You block Snorg's attack. Snorg claws you! Snorg claws you but does no damage.
Valentine hits Snorg with a +0 flail!
Unknown command.
You slash Snorg!
Snorg is moderately wounded.
Snorg bites you but does no damage. Snorg claws you. Snorg barely misses you.
Valentine hits Snorg with a +0 flail!
Snorg is struck by your spines. Snorg bites you!! You block Snorg's attack.
Snorg claws you!
* * * LOW HITPOINT WARNING * * *
You swap places.
Valentine hits Snorg with a +0 flail!
Snorg bites Valentine but does no damage.
Snorg claws Valentine but does no damage.
Snorg completely misses Valentine.
Valentine blocks Snorg's attack.
Snorg claws Valentine!!
Valentine blocks Snorg's attack.
Valentine closely misses Snorg.
Snorg barely misses Valentine.
Valentine blocks Snorg's attack. x2
Snorg bites Valentine!
Snorg claws Valentine but does no damage.
Valentine blocks Snorg's attack.
Valentine hits Snorg with a +0 flail.
Snorg bites Valentine!!
Valentine is destroyed!
Snorg rages.
Snorg rages.
Snorg looks more healthy.
Snorg rages.
Snorg is struck by your spines. Snorg bites you!
* * * LOW HITPOINT WARNING * * *
Snorg claws you but does no damage. Snorg claws you!
You die...

#+###+##..#...(...............
#..#...................
#..###'#######.........
#............#.........
#............#....#####
#............#....#....
##............######....
........T................
#####...@...........#####
#..........[....# #
#...............# #
#...............# +
#..............†###+#
..########........... ...
#........... .... ########..<.
#....


You could see Snorg (berserk).

Vanquished Creatures
  2 two-headed ogres
  4 yaks (D:9)
  2 wyverns (D:9)
  A steam dragon (D:9)
  A basilisk (D:9)
  Edmund (D:5)
  2 water moccasins
  An acid dragon (D:10)
  2 black bears
  An orc warrior (D:6)
  A sky beast (D:5)
  An ice beast (D:5)
  3 ogres (D:5)
  2 centaurs
  A phantom (D:6)
  2 kobold brigands
  2 bullfrogs (D:8)
  A scorpion (D:5)
  4 jellies
  7 wights
  18 killer bees
  A howler monkey (D:8)
  4 centaur zombies
  2 hounds
  2 bullfrog skeletons
  2 gnoll shamans
  3 orc priests
  A centaur skeleton (D:5)
  3 iguanas (D:5)
  Natasha (thrice) (D:2)
  2 orc wizards
  A scorpion zombie (D:5)
  A killer bee zombie (D:8)
  A hound zombie (D:5)
  A hound skeleton (D:4)
  A howler monkey zombie (D:9)
  8 gnolls
  2 adders
  A shadow imp (D:8)
  An ufetubus (D:3)
  A dart slug (D:2)
  26 orcs
  5 ball pythons (D:1)
  2 bats
  10 endoplasms
  A giant cockroach (D:1)
  5 goblins
  6 hobgoblins
  4 jackals (D:1)
  18 kobolds
  4 quokkas
  5 frilled lizards
  3 rats
189 creatures vanquished.

Vanquished Creatures (collateral kills)
  A two-headed ogre (D:10)
  A komodo dragon (D:9)
  A shadow (D:9)
  2 killer bees (D:10)
  2 wights
  A howler monkey zombie (D:9)
  An orc (D:9)
9 creatures vanquished.

Vanquished Creatures (others)
  2 knights
2 creatures vanquished.

Grand Total: 200 creatures vanquished

Notes
Turn   | Place    | Note
-------+----------+-------------------------------------------
     0 | D:1      | cbfl8 the Demonspawn Fighter began the quest for the Orb.
     0 | D:1      | Reached XP level 1. HP: 18/18 MP: 1/1
   302 | D:1      | Gained mutation: You have a pair of small horns on your
                  | head. [demonic ancestry]
   302 | D:1      | Reached XP level 2. HP: 23/24 MP: 2/2
   468 | D:1      | Reached skill level 2 in Axes
   604 | D:1      | Found a faded altar of an unknown god.
   739 | D:1      | Reached skill level 1 in Evocations
   908 | D:1      | Reached XP level 3. HP: 25/29 MP: 3/3
  1461 | D:2      | Noticed Natasha
  1467 | D:2      | Killed Natasha
  1468 | D:2      | Reached XP level 4. HP: 25/35 MP: 4/4
  1639 | D:2      | Noticed Natasha
  1643 | D:2      | Killed Natasha
  1745 | D:2      | Noticed Natasha
  1755 | D:2      | Killed Natasha
  1756 | D:2      | Reached skill level 3 in Axes
  1938 | D:2      | Gained mutation: You are partially covered in razor-sharp
                  | scales. (AC +1, Slay +1) [demonic ancestry]
  1938 | D:2      | Reached XP level 5. HP: 38/41 MP: 5/5
  2217 | D:3      | Got the Papyrus of Cold and the Traveller
  2224 | D:3      | Found Ryvveoci's Armour Boutique.
  3092 | D:3      | Gained mutation: You are partially covered in sharp spines.
                  | [demonic ancestry]
  3092 | D:3      | Reached XP level 6. HP: 46/47 MP: 6/6
  3639 | D:4      | Reached skill level 4 in Axes
  3993 | D:4      | Found a staircase to the Ecumenical Temple.
  4134 | D:4      | You fall into a shaft and drop 2 floors!
  4249 | D:6      | Reached XP level 7. HP: 50/53 MP: 7/7
  4279 | D:5      | Entered Level 5 of the Dungeon
  4334 | D:5      | Gained mutation: Your flesh is cold resistant. (rC+)
                  | [potion of mutation]
  4334 | D:5      | Gained mutation: You have a pair of horns on your head.
                  | [potion of mutation]
  4403 | Temple   | Entered the Ecumenical Temple
  4634 | Temple   | Became a worshipper of Hepliaklqana the Forgotten
  4900 | D:4      | Reached skill level 5 in Axes
  5068 | D:5      | HP: 2/54 [acid (7)]
  5784 | D:5      | Reached XP level 8. HP: 60/60 MP: 8/8
  6051 | D:5      | Noticed Edmund
  6066 | D:5      | Killed Edmund
  6067 | D:5      | Reached skill level 6 in Axes
  6351 | D:5      | Reached skill level 5 in Armour
  7093 | D:6      | Found a hide-covered altar of Uskayaw.
  7193 | D:7      | Reached * piety under Hepliaklqana
  7240 | D:7      | Found Ivodo's Antique Weapon Boutique.
  7361 | D:7      | Reached skill level 5 in Evocations
  8018 | D:7      | Reached skill level 7 in Axes
  8018 | D:7      | Mutation became permanent: You have a pair of small horns
                  | on your head. [demonic ancestry]
  8018 | D:7      | Gained mutation: You have a pair of horns on your head.
                  | [demonic ancestry]
  8018 | D:7      | Reached XP level 9. HP: 60/60 MP: 9/9
  8307 | D:8      | Noticed a two-headed ogre
  8317 | D:8      | Killed a two-headed ogre
  8318 | D:8      | Reached skill level 5 in Fighting
  8615 | D:8      | Identified the +0 helmet "Uvit" {rC+}
  8791 | D:8      | Reached skill level 8 in Axes
  9008 | D:9      | Reached ** piety under Hepliaklqana
  9010 | D:9      | Remembered your ancestor Valentine as a knight
  9402 | D:9      | Reached XP level 10. HP: 17/68 MP: 10/10
  9797 | D:9      | Reached skill level 5 in Shields
  9846 | D:9      | Noticed a two-headed ogre
  9860 | D:9      | Killed a two-headed ogre
  9861 | D:9      | Reached skill level 9 in Axes
 10560 | D:9      | Found a staircase to the Lair.
 10774 | D:10     | Entered Level 10 of the Dungeon
 10865 | D:10     | Noticed a two-headed ogre
 10872 | D:10     | Killed a two-headed ogre
 11137 | D:10     | Noticed Snorg
 11154 | D:10     | Mangled by Snorg

Illustrated notes

Levels and vault maps discovered:
D:1:      minmay_arrival_pointy, layout_basic, shapermc_ecumenical_altar_petra
D:2:      layout_loops_cross, minmay_pentomino_s2, uniq_natasha
D:3:      layout_loops_cross, serial_shops, shop
D:4:      layout_loops_ring, temple_hall
D:5:      kennysheep_six_static_rooms, layout_basic, uniq_edmund
D:6:      layout_loops_cross, mainiacjoe_overflow_alcove_2
D:7:      layout_layer_cave, serial_shops, kennysheep_little_box
D:8:      layout_loops_ring
D:9:      layout_basic, erik_lair_dragon
D:10:     layout_irregular_city, uniq_snorg
Temple:   mainiacjoe_temple_starburst

Skill      XL: |  1  2  3  4  5  6  7  8  9 10 |
---------------+-------------------------------+-----
Axes           | 2 3 4 5 7 8 9 |  9.5
Shields        | 3 4 5 |  5.4
Evocations     | 1 2 3 5 6 7 |  7.4
Armour         | 3 4 5 6 7 |  7.9
Fighting       | 4 5 6 |  6.4

Action                   |  1- 3 |  4- 6 |  7- 9 | 10-12 || total
-------------------------+-------+-------+-------+-------++-------
Melee: War axe           |    85 |    91 |       |       ||   176
       Headbutt          |     6 |    16 |    60 |    29 ||   111
       Hand axe          |       |    42 |   238 |    93 ||   373
Invok: Ancestor Identity |       |       |     2 |       ||     2
       Ancestor Life: Kn |       |       |     1 |       ||     1
Evoke: Wand              |       |       |     2 |       ||     2
  Use: Scroll            |     1 |     1 |     2 |       ||     4
       Potion            |       |     2 |     4 |       ||     6
 Stab: Distracted        |       |       |     2 |     1 ||     3
Armor: Scale mail        |    42 |    38 |       |       ||    80
       Chain mail        |       |    24 |    98 |    35 ||   157
Dodge: Dodged            |    37 |    41 |    58 |    20 ||   156
Block: Buckler           |    27 |    40 |    60 |    35 ||   162
